 Dungeon Crawl Stone Soup version 0.28-a0-1415-g7c84da036a (webtiles) character file.

Game seed: 5366465408153443173

459 blank1 the Magician (level 7, -9/49 HPs)
             Began as a Djinni Conjurer on Jan 7, 2022.
             Was an Initiate of Makhleb.
             Mangled by a black bear (10 damage)
             ... on level 4 of the Dungeon.
             The game lasted 00:07:49 (4581 turns).

blank1 the Magician (Djinni Conjurer)               Turns: 4581, Time: 00:07:50

Health: -9/49      AC:  2    Str:  6    XL:     7   Next: 27%
Gold:   119        EV: 28    Int: 22    God:    Makhleb [......] SH:  0 Dex: 11

rFire   + + .      SeeInvis .   l - +0 short sword
rCold   x . .      Faith    .   (no shield)
rNeg    . . .      Spirit   .   a - +0 robe
rPois   ∞          Reflect  .   (no helmet)
rElec   .          Harm     .   (no cloak)
rCorr   .          Rampage  .   (no gloves)
Will    .....                   (boots unavailable)
Stlth   ++........              j - amulet of the acrobat
HPRegen 0.16/turn               (no ring)
MPRegen 0.00/turn               (no ring)

@: acrobatic, flying
A: sickness immunity, fire resistance 2, cold vulnerability 1, float, innate
caster, hp casting, extra vitality 1
a: Renounce Religion


You were on level 4 of the Dungeon.
You worshipped Makhleb.
Makhleb was noncommittal.
You visited 2 branches of the dungeon, and saw 5 of its levels.

You collected 119 gold pieces.

Inventory:

Hand Weapons
 l - a +0 short sword (weapon)
Armour
 a - a +0 robe (worn)
Magical Staves
 c - a staff of poison
 o - a staff of air
Jewellery
 j - an amulet of the acrobat (around neck)
Scrolls
 d - 2 scrolls of identify {unknown}
 e - a scroll of amnesia {unknown}
 f - a scroll of noise {unknown}
 g - a scroll of enchant weapon {unknown}
 h - 2 scrolls of teleportation {unknown}
Potions
 b - 3 potions of curing {unknown}
 i - a potion of haste {unknown}
 k - 2 potions of brilliance {unknown}
 m - a potion of invisibility {unknown}
 n - a potion of might {unknown}
 p - a potion of degeneration {unknown}
 q - a potion of resistance {unknown}
 r - a potion of lignification {unknown}
 s - 2 potions of heal wounds {unknown}


   Skills:
 + Level 2.9 Fighting
 - Level 4.0 Dodging
 + Level 2.8 Stealth
 - Level 5.0 Spellcasting


You couldn't memorise any spells.
You knew the following spells:

 Your Spells              Type           Power      Damage    Failure   Level
a - Magic Dart            Conj           100%       1d8       1%          1
b - Searing Ray           Conj           54%        2d6       1%          2
c - Dazzling Flash        Conj/Hex       54%        N/A       3%          3
d - Fulminant Prism       Conj/Hex       13%        3d9       13%         4
e - Iskenderun's Mystic   Conj/Tloc      27%        2d7       13%         4
f - Apportation           Tloc           54%        N/A       1%          1
g - Call Imp              Summ           27%        N/A       1%          2
h - Passwall              Tmut/Erth      22%        N/A       1%          2
Your spell library was empty.

Dungeon Overview and Level Annotations

Branches:
Dungeon (4/15)             Temple (1/1) D:4

Altars:
Fedhas
Makhleb
Lugonu

Shops:
D:1 [

Portals:
Abyss: D:1


Innate Abilities, Weirdness & Mutations

You are immune to sickness and miasma.
You are immune to poison.
Your flesh is very heat resistant. (rF++)
You are vulnerable to cold. (rC-)
You float through the air rather than walking.
You learn spells naturally, not from books.
Your magical power is your life essence.
You have superior vitality. (+4 MHP)


Message History

The black bear is heavily wounded.
The black bear barely misses you. The black bear closely misses you.
The black bear claws you. The black bear barely misses you. x2
The black bear closely misses you.
Casting: Dazzling Flash (dangerous; 3% risk of failure)
Confirm with . or Enter, or press ? or * to list all spells.
Aiming: Searing Ray (safe; 1% risk of failure)
Press: ? - help, Shift-Dir - straight line, f - black bear
Aim: a black bear (heavily wounded, 85% to hit)
The searing ray hits the black bear.
The black bear is heavily wounded. (Press . to maintain the ray.)
The black bear bites you. The black bear claws you. x2
Unknown command.
The searing ray hits the black bear.
The black bear is severely wounded.
The black bear goes berserk!
Unknown command.
The searing ray hits the black bear.
The black bear is severely wounded.
The black bear completely misses you. x2; The black bear claws you.
Unknown command.
Casting: Searing Ray (safe; 1% risk of failure)
Confirm with . or Enter, or press ? or * to list all spells.
Restarting spell: Searing Ray (safe; 1% risk of failure)
Press: ? - help, Shift-Dir - straight line, f/p - black bear
Aim: a black bear (severely wounded, berserk, 85% to hit)
The searing ray hits the black bear.
The black bear is almost dead. (Press . to maintain the ray.)
The black bear bites you but does no damage.
The black bear claws you.
* * * LOW HITPOINT WARNING * * *
The black bear closely misses you. The black bear bites you!
* * * LOW HITPOINT WARNING * * *
The black bear misses you. The black bear closely misses you.
Unknown command.
Without enough magic to sustain it, your searing ray dissipates.
The black bear bites you!
You die...

#### # ...# ####### # ...#
#.....#################### ...##
#.......h@................ #...#
#......#############......
##..####........########.<..#####
#..).(#########..........####
#.##....#.........########
..##........#####.##
######......### #..##
.......###....####..# ########
##.#....##.#


You could see a black bear (berserk).

Vanquished Creatures
  Sigmund (D:3)
  An ice beast (D:3)
  A scorpion (D:4)
  A wyvern skeleton (D:3)
  4 adders
  A worm (D:2)
  3 dart slugs
  An orc (D:4)
  8 bats
  5 endoplasms
  3 giant cockroaches
  9 goblins
  4 hobgoblins
  5 jackals (D:1)
  2 quokkas (D:1)
  5 ball pythons
  8 frilled lizards
  5 kobolds
  4 rats
71 creatures vanquished.

Notes
Turn   | Place    | Note
-------+----------+-------------------------------------------
     0 | D:1      | blank1 the Djinni Conjurer began the quest for the Orb.
     0 | D:1      | Reached XP level 1. HP: 15/15 MP: 0/0
   115 | D:1      | Reached XP level 2. HP: 17/22 MP: 0/0
   432 | D:1      | Found a corrupted altar of Lugonu.
   432 | D:1      | Found a one-way gate to the infinite horrors of the Abyss.
   432 | D:1      | Noticed a quasit
   434 | D:1      | Noticed a quasit
   435 | D:1      | Noticed a demonic crawler
   435 | D:1      | Noticed a quasit
   438 | D:1      | Noticed a demonic crawler
   440 | D:1      | Noticed a quasit
   538 | D:1      | Reached XP level 3. HP: 17/26 MP: 0/0
   538 | D:1      | Learned a level 1 spell: Apportation
   540 | D:1      | Reached skill level 1 in Fighting
   708 | D:1      | Found Nammucap's Antique Armour Shop.
  1768 | D:2      | Reached XP level 4. HP: 29/32 MP: 0/0
  1922 | D:2      | Reached skill level 4 in Spellcasting
  2700 | D:3      | Noticed an ice beast
  2715 | D:3      | Noticed Sigmund
  2881 | D:3      | Killed an ice beast
  2882 | D:3      | Reached XP level 5. HP: 30/38 MP: 0/0
  2882 | D:3      | Learned a level 2 spell: Call Imp
  2954 | D:3      | Killed Sigmund
  2955 | D:3      | Reached skill level 5 in Spellcasting
  2955 | D:3      | Reached XP level 6. HP: 31/43 MP: 0/0
  3176 | D:3      | Reached XP level 7. HP: 24/49 MP: 0/0
  3176 | D:3      | Learned a level 2 spell: Passwall
  4334 | D:4      | Found a staircase to the Ecumenical Temple.
  4343 | Temple   | Entered the Ecumenical Temple
  4391 | Temple   | Became a worshipper of Makhleb the Destroyer
  4580 | D:4      | HP: 1/49 [black bear (12)]
  4581 | D:4      | Mangled by a black bear

Illustrated notes

Levels and vault maps discovered:
D:1:      erik_arrival_cave_to_civilisation [erik_arrival_cave_to_temple],
          layout_basic, serial_shops, shop_statue, minivault_26
D:2:      layout_basic, minmay_pentomino_r4
D:3:      layout_loops_cross, uniq_sigmund
D:4:      layout_rooms, minmay_temple_entry_statues_fountains
Temple:   nicolae_temple_figure_eight

Skill      XL: |  1  2  3  4  5 |
---------------+----------------+-----
Fighting       | 1 2 |  2.9
Stealth        | 2 |  2.8
Dodging        | 3 4 |  4.0
Spellcasting   | 4 5 |  5.0

Action                   |  1- 3 |  4- 6 |  7- 9 || total
-------------------------+-------+-------+-------++-------
Melee: Short sword       |       |       |     5 ||     5
 Cast: Magic Dart        |    67 |    51 |    24 ||   142
       Searing Ray       |     1 |     4 |     4 ||     9
       Dazzling Flash    |       |     1 |     4 ||     5
       Call Imp          |       |     1 |       ||     1
 Stab: Invisible         |       |       |     2 ||     2
Armor: Robe              |     2 |     1 |     1 ||     4
Dodge: Dodged            |     7 |    11 |    28 ||    46

Table legend: (Time is in decaauts)
 A = Elapsed time spent in this place.
 B = Non-inter-level travel time spent in this place.
 C = Inter-level travel time spent in this place.
 D = Time resting spent in this place.
 E = Time spent auto-exploring this place.
 F = Levels seen in this place.
 G = Mean time per level.
                   A        B        C        D        E       F      G
               +--------+--------+--------+--------+--------+-----+--------+
         Total |   4581 |   4403 |    178 |    322 |   3603 |   5 |  916.2 |
       Dungeon |   4523 |   4354 |    169 |    322 |   3561 |   4 | 1130.8 |
        Temple |     58 |     49 |      9 |      0 |     42 |   1 |   58.0 |
               +--------+--------+--------+--------+--------+-----+--------+

Top non-repeatable levels by time:
     D:1: 1425 daAuts
     D:2: 1276 daAuts
     D:3: 1188 daAuts
     D:4: 633 daAuts
  Temple: 58 daAuts
